 Dungeon Crawl Stone Soup version 0.31-a0-948-gf5be29c462 (webtiles) character file.

Game seed: 12742992940455421175

1063 Arzdou the Ruffian (level 8, -8/49 HPs)
             Began as an Octopode Shapeshifter on Oct 21, 2023.
             Was an Initiate of Gozag.
             Killed from afar by an acid dragon (19 damage)
             ... with a splash of acid
             ... on level 6 of the Dungeon.
             The game lasted 00:09:47 (4226 turns).

Arzdou the Ruffian (Octopode Shapeshifter)          Turns: 4226, Time: 00:09:48

Health: -8/49      AC: -3    Str: 13    XL:     8   Next: 27%
Magic:  8/8        EV: 13    Int: 14    God:    Gozag
Gold:   302        SH:  0    Dex: 12    Spells: 7/7 levels left

rFire   . .          .
                       - Unarmed
rCold   + . .        (no shield)
rNeg    . . .        (helmet currently unavailable)
rPois   .            (no amulet)
rElec   .            h - ring of protection from cold
rCorr   .            (no ring)
SInv    .            (no ring)
Will    .....        (no ring)
Stlth   ++           (no ring)
HPRegen 0.28/turn    (no ring)
MPRegen 0.11/turn    (no ring)
                     (no ring)

%: no passive effects
@: beast-form, corroded
A: beast (slay +4), almost no armour, amphibious, 8 rings, camouflage 1,
gelatinous body 1, (nimble swimmer 1), tentacles
a: Begin Untransformation, Renounce Religion, Potion Petition, Call Merchant,
Bribe Branch


You were on level 6 of the Dungeon.
You worshipped Gozag.
Gozag was aware of your devotion.
You were a hulking beast.
You visited 1 branch of the dungeon, and saw 6 of its levels.

You collected 378 gold pieces.
You paid 76 gold pieces to Gozag.

Inventory:

Jewellery
 h - a ring of protection from cold (left tentacle)
Talismans
 b - a beast talisman (active)
 c - a flux talisman
Wands
 m - a wand of iceblast (5)
 n - a wand of mindburst (9)
Scrolls
 a - a scroll of revelation {unknown}
 g - 2 scrolls of poison {unknown}
 j - a scroll of teleportation {unknown}
 l - a scroll of fear {unknown}
 p - a scroll of vulnerability
 s - a scroll of blinking {unknown}
 v - a scroll of enchant armour {unknown}
 w - a scroll of identify
Potions
 d - 2 potions of mutation {unknown}
 e - 2 potions of might {unknown}
 i - 2 potions of invisibility {unknown}
 k - a potion of berserk rage {unknown}
 o - a potion of magic {unknown}
 q - a potion of cancellation {unknown}
 r - 2 potions of curing
 t - 2 potions of enlightenment {unknown}
 u - a potion of brilliance {unknown}


   Skills:
 + Level 1.6 Fighting
 - Level 2.0 Dodging
 - Level 7.0 Unarmed Combat
 - Level 7.0 Shapeshifting


You had 7 spell levels left.
You didn't know any spells.
Your spell library contained the following spells:

 Spells                   Type           Power      Damage    Failure   Level
 Magic Dart               Conj           0%         1d3       28%         1
 Call Imp                 Summ           0%         N/A       41%         2
 Sublimation of Blood     Necr           0%         N/A       41%         2
 Wereblood                Tmut           0%         N/A       41%         2
 Mephitic Cloud           Conj/Pois/Air  0%         N/A       65%         3
 Summon Hydra             Summ           0%         N/A       100%        7


Dungeon Overview and Level Annotations

Branches:
Dungeon (6/15)
 Temple: D:4-7

Altars:
Ashenzari
Cheibriados
Gozag
Makhleb
Qazlal
Uskayaw
Vehumet
Xom
Yredelemnul

Annotations:
D:3 3 runed translucent doors, Pi314's ghost, amateur KoDe
D:5 Ijyb


Innate Abilities, Weirdness & Mutations

You are a hulking beast.
Your limbs bulge with bestial killing power. (Slay +4)
You cannot wear most types of armour.
You are amphibious.
You can wear up to eight rings at the same time.
Your skin changes colour to match your surroundings (Stealth+).
Your rubbery body absorbs attacks. (AC +1, EV +1)
((You are camouflaged when in or above water. (Stealth+)))
You have tentacles for arms and can constrict up to eight enemies at once.


Message History

You constrict the wight. The wight hits you with a +4 dagger!
You tentacle-slap the wight but do no damage.
You squeeze the wight!
The wight is almost destroyed.
You constrict the wight, but do no damage.
The wight hits you with a +4 dagger.
You tentacle-slap the wight.
You destroy the wight!
Training target 7.0 for Shapeshifting reached!
Your Shapeshifting skill increases to level 7!
You need to enable at least one skill for training.
Okay, then.
You now have 281 gold pieces (gained 3).
Things that are here:
a +4 dagger; a +0 robe You now have 299 gold pieces (gained 18).
Things that are here:
a +0 flail; a +0 robe You now have 300 gold pieces (gained 1).
You now have 301 gold pieces (gained 1).
Items here: )) [[.
You see here a +0 leather armour.
You now have 302 gold pieces (gained 1).
An acid dragon comes into view.
Found 8 gold pieces.
The acid dragon spits acid at you. The splash of acid hits you!!
Ouch! That really hurt!
You see here a +0 leather armour.
The acid dragon spits acid at you. The splash of acid hits you!!
* * * LOW HITPOINT WARNING * * *
The acid corrodes you!
An acid dragon is nearby!
Okay, then.
As you read the scroll of fog, it dissolves into smoke.
The acid dragon spits acid at you. The splash of acid hits you!!
You die...
Your body crumbles into a pile of gold.

##.## ### ##........##.# ...#
##........#.# ..## #...........#
..## ##...........# ...#
#........)...# ...#
##.......§....#
...##############....§§§§.....#
.....................§§§§.....#
................h....§§§§.....#
....##############...§D§§..D..##
.#### #############.# ##
...........## .#..(#...#..#
..........[.) #...#...#.#.
...........## ##########D..


You could see an acid dragon (catching breath).

Vanquished Creatures
  Grinder (D:5)
  A black bear (D:5)
  A phantom (D:5)
  4 scorpions
  5 wights (D:6)
  2 iguanas
  Robin (D:3)
  8 adders
  A worm (D:2)
  A dart slug (D:3)
  An orc (D:6)
  9 endoplasms
  7 giant cockroaches
  15 goblins
  10 hobgoblins
  4 jackals (D:5)
  A quokka (D:1)
  5 ball pythons
  6 bats
  2 frilled lizards
  4 kobolds
  2 rats
  A spectral orc (D:4)
92 creatures vanquished.

Vanquished Creatures (others)
  An orc (D:5)
1 creature vanquished.

Grand Total: 93 creatures vanquished

Notes
Turn   | Place    | Note
-------+----------+-------------------------------------------
     0 | D:1      | Arzdou the Octopode Shapeshifter began the quest for the
                  | Orb.
     0 | D:1      | Reached XP level 1. HP: 13/13 MP: 1/1
   145 | D:1      | Reached XP level 2. HP: 16/18 MP: 2/2
   992 | D:2      | Reached XP level 3. HP: 23/23 MP: 3/3
  1118 | D:2      | Reached XP level 4. HP: 28/28 MP: 4/4
  1342 | D:2      | Reached skill level 5 in Unarmed Combat
  1888 | D:3      | Noticed Robin
  1913 | D:3      | Reached XP level 5. HP: 24/33 MP: 5/5
  1920 | D:3      | Killed Robin
  2038 | D:3      | Found a runed translucent gate.
  2039 | D:3      | Found a runed translucent gate.
  2040 | D:3      | Found a runed translucent gate.
  2046 | D:3      | Noticed Pi314's ghost (amateur KoDe)
  2085 | D:3      | Found a faded altar of an unknown god.
  2533 | D:4      | Found a snail-covered altar of Cheibriados.
  2540 | D:4      | Found an opulent altar of Gozag.
  2545 | D:4      | Became a worshipper of Gozag Ym Sagoz the Greedy
  2553 | D:4      | Found a burning altar of Makhleb.
  2560 | D:4      | Found a shimmering altar of Xom.
  2568 | D:4      | Found a broken altar of Ashenzari.
  2577 | D:4      | Found a hide-covered altar of Uskayaw.
  2583 | D:4      | Found a radiant altar of Vehumet.
  2913 | D:4      | Found a stormy altar of Qazlal.
  2991 | D:4      | Found a basalt altar of Yredelemnul.
  3011 | D:5      | Entered Level 5 of the Dungeon
  3055 | D:5      | Reached XP level 6. HP: 38/38 MP: 6/6
  3110 | D:5      | Noticed a black bear
  3219 | D:5      | Noticed Grinder
  3224 | D:5      | Paralysed by Grinder for 4 turns
  3240 | D:5      | Paralysed by Grinder for 5 turns
  3248 | D:5      | Killed Grinder
  3249 | D:5      | Reached XP level 7. HP: 10/43 MP: 7/7
  3415 | D:5      | Reached skill level 5 in Shapeshifting
  3752 | D:5      | Noticed Ijyb
  4050 | D:6      | Reached XP level 8. HP: 39/48 MP: 8/8
  4226 | D:6      | Killed from afar by an acid dragon

Illustrated notes

Levels and vault maps discovered:
D:1:      lightli_arrival_isolated_outpost, layout_basic, serial_forest,
          infiniplex_forest_end_2, infiniplex_forest_clump_curved,
          infiniplex_forest_straight_5, infiniplex_forest_clump_small,
          infiniplex_forest_end_2
D:2:      layout_basic
D:3:      layout_rooms, gammafunk_ghost_split, basic_ecumenical_altar,
          uniq_robin
D:4:      layout_basic, nicolae_overflow_hidden_temple,
          grunt_temple_overflow_octagram, yredelemnul_forgotten_temple_becter,
          st_stairs_9, feat_on_display
D:5:      layout_basic, ebering_dispersal_statue_hall, uniq_ijyb, uniq_grinder,
          uniq_crazy_yiuf_cottage, uniq_pikel
D:6:      layout_cave_pods, lemuel_coloured_pillars_altar

Skill      XL: |  1  2  3  4  5  6  7  8 |
---------------+-------------------------+-----
Unarmed Combat | 4 5 6 7 |  7.0
Shapeshifting  | 4 6 7 |  7.0
Fighting       | |  1.6
Dodging        | |  2.0

Action                     |  1- 3 |  4- 6 |  7- 9 || total
---------------------------+-------+-------+-------++-------
  Melee: Unarmed           |    52 |    97 |    34 ||   183
         Constrict         |    10 |    23 |     6 ||    39
         Tentacles         |     6 |    22 |    12 ||    40
         Punch             |     4 |     3 |       ||     7
  Evoke: Wand              |       |       |     3 ||     3
    Use: Potion            |       |     1 |       ||     1
         Scroll            |       |       |     5 ||     5
   Stab: Sleeping          |     6 |    13 |     2 ||    21
 Armour: Skin              |    18 |    38 |    23 ||    79
  Dodge: Dodged            |    27 |    35 |    13 ||    75

Table legend: (Time is in decaauts)
 A = Elapsed time spent in this place.
 B = Non-inter-level travel time spent in this place.
 C = Inter-level travel time spent in this place.
 D = Time resting spent in this place.
 E = Time spent auto-exploring this place.
 F = Levels seen in this place.
 G = Mean time per level.
                   A        B        C        D        E       F      G
               +--------+--------+--------+--------+--------+-----+--------+
         Total |   4206 |   3923 |    283 |      0 |   3261 |   6 |  701.0 |
       Dungeon |   4206 |   3923 |    283 |      0 |   3261 |   6 |  701.0 |
               +--------+--------+--------+--------+--------+-----+--------+

Top non-repeatable levels by time:
     D:1: 986 daAuts
     D:2: 820 daAuts
     D:5: 760 daAuts
     D:4: 621 daAuts
     D:3: 572 daAuts
     D:6: 445 daAuts
